 Dungeon Crawl Stone Soup version 0.31-a0-233-g139696dc86 (webtiles) character file.

Game seed: 14371809961671824278

4 qw the Vexing (level 1, 0/12 HPs)
             Began as a Gargoyle Hexslinger on July 7, 2023.
             Slain by a ball python (1 damage)
             ... on level 1 of the Dungeon.
             The game lasted 00:00:03 (103 turns).

qw the Vexing (Gargoyle Hexslinger)                  Turns: 103, Time: 00:00:04

Health: 0/12       AC:  4    Str: 11    XL:     1   Next: 60%
Magic:  2/2        EV:  9    Int: 13    God:
Gold:   0          SH:  0    Dex: 12    Spells: 1/2 levels left

rFire   . . .        a - +1 sling
rCold   . . .        (no shield)
rNeg    + . .        c - +0 robe
rPois   inf          (no helmet)
rElec   +            (no cloak)
rCorr   .            (no gloves)
SInv    .            (no boots)
Will    .....        (no amulet)
Stlth   +            (no ring)
HPRegen 0.22/turn    (no ring)
MPRegen 0.08/turn

%: no passive effects
@: constricted
A: sickness immunity, AC +2, negative energy resistance 1, electricity
resistance, torment resistance 1, petrification resistance
a: no special abilities


You were on level 1 of the Dungeon.
You visited 1 branch of the dungeon, and saw 1 of its levels.


Innate Abilities, Weirdness & Mutations

You are immune to sickness and miasma.
Your stone body is resilient. (AC +2)
You are immune to poison.
You resist negative energy. (rN+)
You are resistant to electric shocks. (rElec)
You are resistant to unholy torment.
You are immune to petrification.


   Skills:
 - Level 1.1 Fighting
 + Level 2.4 Ranged Weapons
 - Level 1.5 Dodging
 - Level 1.0 Spellcasting
 - Level 2.6 Hexes


You had one spell level left.
You knew the following spells:

 Your Spells              Type           Power      Damage    Failure   Level
a - Slow                  Hex            28%        N/A       10%         1

Your spell library contained the following spells:

 Spells                   Type           Power      Damage    Failure   Level
 Inner Flame              Hex/Fire       4%         N/A       43%         3
 Portal Projectile        Hex/Tloc       8%         N/A       43%         3
 Cause Fear               Hex            3%         N/A       67%         4

Inventory:

Hand Weapons
 a - a +1 sling (weapon)
Armour
 c - a +0 robe (worn)
Scrolls
 b - a scroll of poison

Dungeon Overview and Level Annotations

Branches:
Dungeon (1/15)

Altars:


Message History

The rat bites you. The giant cockroach barely misses you.
The ball python closely misses you. The ball python grabs you.
The ball python constricts you. The rat barely misses you.
You shoot a sling bullet.
The sling bullet closely misses the ball python.
The giant cockroach bites you but does no damage.
The ball python barely misses you. The ball python constricts you.
The rat bites you.
The giant cockroach bites you but does no damage.
The ball python closely misses you. The ball python constricts you.
You shoot a sling bullet.
The sling bullet barely misses the ball python.
The giant cockroach bites you but does no damage.
The rat bites you but does no damage. The ball python bites you.
The ball python constricts you.
You shoot a sling bullet.
The sling bullet closely misses the ball python.
The giant cockroach barely misses you.
The ball python bites you but does no damage.
The ball python constricts you. The rat barely misses you.
The giant cockroach waves its antennae.
The giant cockroach closely misses you. The ball python closely misses you.
The ball python constricts you. The rat bites you but does no damage.
You shoot a sling bullet.
The sling bullet closely misses the ball python.
The giant cockroach bites you but does no damage.
The ball python bites you. The ball python constricts you.
The rat bites you but does no damage. The giant cockroach closely misses you.
You shoot a sling bullet.
The sling bullet barely misses the ball python.
The ball python bites you but does no damage.
The ball python constricts you.
The giant cockroach bites you but does no damage.
The rat bites you. The ball python closely misses you.
The ball python constricts you.
You shoot a sling bullet.
The sling bullet closely misses the ball python.
The giant cockroach barely misses you. The rat misses you.
The ball python bites you.
You die...

.#...# .# ...!..
.### ...... ...#
......###.#.##
.............#
......?....##
#.SrB......
##@###...#
##........# .. #
##....##..## #.#
#. ##...#.##. #
##### #..
#..####...##.##..
#...###.#
#........##
.....~ ##.##7~..
#...%.._>#
.....~~7#'#P~~.#
#........## ###
7~~~~~~~~~..
#..####...##
#~~7#'#7~~.[


You could see a giant cockroach, a ball python and a rat.

Vanquished Creatures
  A ball python (D:1)
  A goblin (D:1)
  2 bats (D:1)
4 creatures vanquished.

Notes
Turn   | Place    | Note
-------+----------+-------------------------------------------
     0 | D:1      | qw the Gargoyle Hexslinger began the quest for the Orb.
     0 | D:1      | Reached XP level 1. HP: 12/12 MP: 2/2
     0 | D:1      | 0 ||| qw: Version: 0.3-a-46-gb1f654a
     0 | D:1      | 0 ||| qw: Game counter: 3268
     0 | D:1      | 0 ||| qw: Melee chars always use a shield: true
     0 | D:1      | 0 ||| qw: God list: Okawaru
     0 | D:1      | 0 ||| qw: Allow faded altars: false
     0 | D:1      | 0 ||| qw: Do Orc after clearing Dungeon:15 true
     0 | D:1      | 0 ||| qw: Do second Lair branch before Depths: true
     0 | D:1      | 0 ||| qw: Lair rune preference: random
     0 | D:1      | 0 ||| qw: Goals: Normal
     0 | D:1      | 0 ||| PLANNING D:1-11
    69 | D:1      | Found a faded altar of an unknown god.
   101 | D:1      | HP: 3/12 [constriction (1)]
   102 | D:1      | HP: 1/12 [rat (2)]
   103 | D:1      | Slain by a ball python

Levels and vault maps discovered:
D:1:      sevenhm_arrival_forest_fort_small_4, layout_loops_ring, serial_shops,
          shop_statue, shop, shop, shop, hellmonk_ecumenical_altar_crossroads

Action                     || total
---------------------------++-------
   Fire: Sling             ||    21
 Armour: Robe              ||    12
  Dodge: Dodged            ||    28

Table legend:
 A = Non-vault XP
 B = Vault XP
 C = Vault XP percentage of total XP
 D = Non-vault monster count
 E = Vault monster count
 F = Vault count percentage of total count
                 A         B        C        D         E       F
            +---------+---------+-------+---------+---------+-------
      Total |       6 |       0 |   0.0 |       4 |       0 |   0.0
            +---------+---------+-------+---------+---------+-------
        D:1 |       6 |       0 |   0.0 |       4 |       0 |   0.0
            +---------+---------+-------+---------+---------+-------
